 Dungeon Crawl Stone Soup version 0.21-a0-529-g8c7b3f5 (webtiles) character file.

146 slep the Chopper (level 5, -4/40 HPs)
             Began as a Demonspawn Gladiator on Dec 10, 2017.
             Blown up by Ijyb (20 damage)
             ... with a wand of disintegration (21)
             ... on level 3 of the Dungeon.
             The game lasted 00:04:58 (1698 turns).

slep the Chopper (Demonspawn Gladiator)             Turns: 1698, Time: 00:04:59

Health: -4/40      AC:  6    Str: 15    XL:     5   Next: 7%
Magic:  5/5        EV: 13    Int:  9    God:
Gold:   117        SH:  0    Dex: 15    Spells: 4/4 levels left

rFire    . . .     SeeInvis .   o - +0 hand axe (elec)
rCold    . . .     Gourm    .   (no shield)
rNeg     . . .     Faith    .   b - +0 leather armour
rPois    .         Spirit   .   c - +0 helmet
rElec    .         Reflect  .   g - scarf {cloud immunity}
rCorr    .         Harm     .   (no gloves)
MR       .....                  (no boots)
Stlth    +.........             (no amulet)
HPRegen  0.13/turn              p - ring of flight
MPRegen  0.09/turn              (no ring)

@: no status effects
A: rugged brown scales 2
a: Evoke Flight


You were on level 3 of the Dungeon.
You were hungry.

You visited 1 branch of the dungeon, and saw 3 of its levels.

You collected 117 gold pieces.

Inventory:

Hand Weapons
 a - a +0 war axe
 o - a +0 hand axe of electrocution (weapon)
Missiles
 d - 3 throwing nets (quivered)
Armour
 b - a +0 leather armour (worn)
 c - a +0 helmet (worn)
 g - a scarf of cloud immunity (worn)
Jewellery
 p - a ring of flight (left hand)
Scrolls
 e - a scroll of remove curse {unknown}
 i - a scroll of noise {unknown}
 j - a scroll of blinking {unknown}
 k - a scroll of magic mapping {unknown}
 m - a scroll of teleportation {unknown}
Potions
 l - a potion of invisibility {unknown}
 n - a potion of might {unknown}
 r - a potion of flight {unknown}
 s - a potion of mutation {unknown}
Comestibles
 f - 2 bread rations
 h - 3 royal jellies
 q - a meat ration


   Skills:
 + Level 2.7 Fighting
 + Level 4.1 Axes
 + Level 1.9 Throwing
 + Level 0.7 Armour
 + Level 3.4 Dodging
 + Level 0.3 Stealth


You had 4 spell levels left.
You didn't know any spells.

Dungeon Overview and Level Annotations

Branches:
Dungeon (3/15)

Altars:
Vehumet

Annotations:
D:3 Ijyb


Innate Abilities, Weirdness & Mutations

You are mostly covered in rugged brown scales. (AC +2, +5% HP)


Message History

The adder bites you.
You closely miss the adder.
The adder is almost dead.
The adder bites you. The adder barely misses you.
An orc comes into view. It is wielding a club.
You closely miss the adder.
The adder is almost dead.
The adder bites you but does no damage.
You hit the adder.
You kill the adder!
You closely miss Ijyb. Ijyb hits you but does no damage.
A goblin comes into view.
You hit Ijyb.
Ijyb is lightly wounded.
Ijyb zaps a wand.
You are blasted!
It is a wand of disintegration (21).
You closely miss Ijyb.
Ijyb is lightly wounded.
Ijyb zaps a wand.
You are blasted!
Ouch! That really hurt!
You die...

............####....
######.#...>.......#
#.##...######.#
#<##..........#
#......#######
#.###### #.#
#.#######.#
..gowgg@..#
.#g#####.## #.# #?#
#.# ..# ###


You could see Ijyb, Robin, a dart slug, an orc and 2 goblins.

Vanquished Creatures
  An orc wizard (D:3)
  8 adders
  4 dart slugs
  3 orcs (D:3)
  2 giant cockroaches (D:2)
  5 goblins
  6 hobgoblins
  2 ball pythons
  4 bats
  A frilled lizard (D:2)
  4 kobolds
  3 rats
43 creatures vanquished.

Notes
Turn   | Place    | Note
-------+----------+-------------------------------------------
     0 | D:1      | slep the Demonspawn Gladiator began the quest for the Orb.
     0 | D:1      | Reached XP level 1. HP: 16/16 MP: 1/1
   142 | D:1      | Gained mutation: You are partially covered in rugged brown scales. (AC +1, +3% HP) [demonic ancestry]
   142 | D:1      | Reached XP level 2. HP: 14/22 MP: 2/2
   630 | D:2      | Reached skill level 3 in Axes
   694 | D:2      | Found a radiant altar of Vehumet.
   801 | D:2      | Reached XP level 3. HP: 16/27 MP: 3/3
  1156 | D:2      | Reached XP level 4. HP: 33/35 MP: 4/4
  1626 | D:3      | Reached skill level 4 in Axes
  1689 | D:3      | Noticed Ijyb
  1690 | D:3      | Gained mutation: You are mostly covered in rugged brown scales. (AC +2, +5% HP) [demonic ancestry]
  1690 | D:3      | Reached XP level 5. HP: 25/40 MP: 5/5
  1698 | D:3      | Blown up by Ijyb

Vault maps used:
D:1:      scummos_arrival_simple_crosswalls
D:2:      vehumet_crystals
D:3:      chequers_ecumenical_altar_simple_redux, uniq_ijyb, uniq_terence,
          uniq_crazy_yiuf_cottage, uniq_jessica, uniq_robin

Skill      XL: |  1  2  3  4 |
---------------+-------------+-----
Dodging        | 3 |  3.4
Axes           | 3 4 |  4.1
Fighting       | |  2.7
Throwing       | |  1.9
Armour         | |  0.7
Stealth        | |  0.3

Action                   |  1- 3 |  4- 6 || total
-------------------------+-------+-------++-------
Melee: War axe           |    52 |       ||    52
       Hand axe          |    35 |    43 ||    78
 Stab: Sleeping          |     1 |       ||     1
  Eat: Chunk             |     1 |     1 ||     2
Armor: Leather armour    |    31 |    13 ||    44
Dodge: Dodged            |    66 |    26 ||    92

Table legend:
 A = Spawn XP
 B = Non-spawn XP
 C = Spawn XP percentage of total XP
 D = Spawn monster count
 E = Non-spawn monster count
 F = Spawn count percentage of total count
 G = Total turns spent on level
                    A         B        C        D         E        F      G
               +---------+---------+-------+---------+---------+-------+---------
         Total |       0 |     209 |   0.0 |       0 |      43 |   0.0 |  1698
               +---------+---------+-------+---------+---------+-------+---------
           D:1 |       0 |      23 |   0.0 |       0 |      12 |   0.0 |   591
           D:2 |       0 |     111 |   0.0 |       0 |      21 |   0.0 |   927
           D:3 |       0 |      75 |   0.0 |       0 |      10 |   0.0 |   180
               +---------+---------+-------+---------+---------+-------+---------
